AoeStats
← Kamotiyac

Yucatan

503699268Analyzed
2v2 RM · 1mo ago on Sep 1, 2026· 58m 56s· 4 players
Game mode
Random Map
Map size
Medium (4 player)
Population
200
Speed
Normal
Resources
Standard
Victory
Conquest
Starting age
Dark Age
Ending age
Imperial Age
RankedLock teamsTeams togetherTeam positionsShared explorationLock speedFull tech treeHidden civsTurbo modeCheats
Victory
Defeat
🇺🇸 Mongols · United States
941
+16
🇺🇸 Persians · United States
938
+42
🇺🇸 Tatars · United States
979
-18
🇺🇸 Magyars · United States
909
-15
BlindWalrus
9:11 Loom
11:35 Feudal Age
12:12 Horse Collar
12:25 Double-Bit Axe
16:15 Castle Age
15:55 Bloodlines
15:59 Forging
17:06 Scale Mail Armor
16:27 Pikeman
18:00 Squires
20:59 Husbandry
28:03 Fletching
28:22 Heavy Plow
30:08 Wheelbarrow
30:17 Bodkin Arrow
30:56 Scale Barding Armor
31:19 Town Watch
32:24 Chain Barding Armor
33:47 Stone Mining
33:47 Gold Mining
35:20 Hand Cart
36:22 Ballistics
39:17 Padded Archer Armor
38:42 Light Cavalry
42:15 Imperial Age
41:27 Leather Archer Armor
41:47 Iron Casting
41:34 Thumb Ring
42:19 Elite Mangudai
43:22 Conscription
43:24 Bow Saw
43:43 Bracer
44:44 Blast Furnace
44:34 Parthian Tactics
45:01 Gold Shaft Mining
46:21 Chemistry
46:12 Hoardings
45:25 Hussar
dirkxisrael
1:22 Loom
9:33 Feudal Age
10:08 Double-Bit Axe
11:42 Wheelbarrow
12:01 Horse Collar
16:18 Stone Mining
16:19 Gold Mining
22:11 Castle Age
26:20 Forging
26:04 Fletching
27:24 Pikeman
28:19 Heavy Plow
30:26 Forging
30:18 Scale Mail Armor
30:48 Squires
32:20 Chain Mail Armor
32:54 Stone Shaft Mining
32:56 Elite Skirmisher
33:40 Bodkin Arrow
33:46 Padded Archer Armor
37:44 Bow Saw
38:13 Gold Shaft Mining
38:15 Hand Cart
42:07 Imperial Age
40:53 Leather Archer Armor
42:57 Heavy Scorpion
44:29 Halberdier
45:27 Kamandaran
46:44 Ring Archer Armor
46:20 Scale Barding Armor
46:52 Iron Casting
46:35 Elite War Elephant
Linctus
12:34 Feudal Age
16:09 Loom
18:20 Scale Barding Armor
19:37 Bloodlines
20:15 Wheelbarrow
19:54 Horse Collar
20:04 Double-Bit Axe
21:55 Fletching
26:41 Castle Age
26:48 Gold Mining
27:07 Stone Mining
27:19 Bodkin Arrow
27:40 Heavy Plow
28:23 Thumb Ring
29:20 Bow Saw
29:32 Husbandry
30:25 Hand Cart
31:42 Gold Shaft Mining
32:09 Chain Barding Armor
32:37 Light Cavalry
34:18 Town Watch
35:12 Ballistics
38:19 Imperial Age
40:26 Two-Man Saw
39:58 Parthian Tactics
40:23 Heavy Cavalry Archer
44:13 Chemistry
43:57 Hussar
47:01 Bracer
47:37 Plate Barding Armor
49:22 Padded Archer Armor
49:29 Recurve Bow
56:59 Pikeman
57:25 Arson
57:51 Scale Mail Armor
59:06 Corvinian Army
Kamotiyac
7:36 Loom
10:47 Feudal Age
12:13 Double-Bit Axe
18:29 Scale Barding Armor
19:52 Wheelbarrow
19:08 Horse Collar
22:45 Castle Age
20:42 Fletching
21:50 Padded Archer Armor
23:28 Gold Mining
23:43 Bodkin Arrow
26:15 Bow Saw
28:10 Ballistics
36:52 Stone Mining
37:42 Hand Cart
40:31 Bloodlines
40:21 Husbandry
40:55 Leather Archer Armor
41:02 Chain Barding Armor
44:20 Imperial Age
41:24 Light Cavalry
43:04 Silk Armor
43:18 Forging
44:47 Heavy Cavalry Archer
44:59 Hussar
50:32 Bracer
54:47 Iron Casting
55:01 Plate Barding Armor
54:58 Ring Archer Armor
58:46 Iron Casting
Connection lost

Rejoining the realm…

Still unreachable

The connection could not be restored.

Session expired

The server has moved on; the page needs a fresh start.